 Dungeon Crawl Stone Soup version 0.30.1-9-gdf580d7c3d (webtiles) character file.

Game seed: 15327231355679620665

4592 pkoi the Martial Artist (level 10, -3/72 HPs)
             Began as a Green Draconian Monk on Oct 14, 2023.
             Was a Priest of Hepliaklqana.
             Slain by a wolf (9 damage)
             ... led by Grum
             ... on level 9 of the Dungeon on Oct 15, 2023.
             The game lasted 00:16:31 (9238 turns).

pkoi the Martial Artist (Green Draconian Monk)      Turns: 9238, Time: 00:16:31

Health: -3/72      AC:  8    Str: 14    XL:     10   Next: 18%
Magic:  25/25      EV: 13    Int: 14    God:    Hepliaklqana [***...]
Gold:   371        SH:  0    Dex: 14    Spells: 10/18 levels left

rFire   + +          .
                       - Unarmed
rCold   . . .        (no shield)
rNeg    . . .        (body armour unavailable)
rPois   +            (helmet restricted)
rElec   .            u - scarf {rC+ rF+}
rCorr   +            l - +0 pair of gloves
SInv    .            (no boots)
Will    ++...        m - amulet of the acrobat
Stlth   ++           r - ring of the Kangaroo {rF+ rC- Will++ rCorr MP+9}
HPRegen 0.32/turn    (no ring)
MPRegen 0.19/turn

%: acrobat
@: short of breath
A: reduced essence, breathe noxious fumes, AC +7, unfitting armour, poison
resistance, cold-blooded
a: Breathe Noxious Fumes, Renounce Religion, Recall Ancestor, Ancestor Identity,
Transference


You were on level 9 of the Dungeon.
You worshipped Hepliaklqana.
Hepliaklqana was most pleased with you.
You visited 2 branches of the dungeon, and saw 10 of its levels.

You collected 657 gold pieces.
You spent 286 gold pieces at shops.

Inventory:

Hand Weapons
 c - a +0 whip
 e - a +0 flail of protection
 p - a +1 dagger of venom
Armour
 b - an orb of light
 l - a +0 pair of gloves (worn)
 u - a scarf of resistance (worn)
Jewellery
 m - an amulet of the acrobat (around neck)
 r - the ring of the Kangaroo (left hand) {rF+ rC- Will++ rCorr MP+9}
   (You found it on level 5 of the Dungeon)

   [ring of resist corrosion]

   rF:        It protects you from fire.
   rC:        It makes you vulnerable to cold.
   MP:        It affects your magic capacity (+9).
   rCorr:     It protects you from acid and corrosion.
   Will:      It greatly increases your willpower.
Wands
 i - a wand of flame (25)
 o - a wand of paralysis (13)
 D - a wand of polymorph (5)
 F - a wand of mindburst (2)
Scrolls
 d - 3 scrolls of amnesia
 h - 3 scrolls of teleportation
 q - a scroll of brand weapon
 s - a scroll of magic mapping
 t - a scroll of fear
 v - 2 scrolls of blinking
 y - a scroll of enchant weapon
 B - a scroll of vulnerability {unknown}
 C - 2 scrolls of identify
 E - a scroll of silence
Potions
 a - 2 potions of ambrosia
 f - a potion of flight {unknown}
 g - 2 potions of haste
 j - 7 potions of curing
 k - 2 potions of brilliance
 n - a potion of berserk rage
 w - a potion of heal wounds
 x - a potion of mutation
 z - 2 potions of resistance
 A - a potion of invisibility


   Skills:
 - Level 5.0 Fighting
 - Level 4.1 Dodging
 - Level 3.1 Stealth
 - Level 9.2 Unarmed Combat
 + Level 4.5 Spellcasting
 + Level 1.0 Translocations
 + Level 5.1 Transmutations
 + Level 4.9 Air Magic
 + Level 5.8 Poison Magic
 + Level 1.4 Invocations


You had 10 spell levels left.
You knew the following spells:

 Your Spells              Type           Power      Damage    Failure   Level
a - Poisonous Vapours     Pois/Air       36%        N/A       3%          2
b - Blade Hands           Tmut           8%         N/A       52%         5
c - Apportation           Tloc           12%        N/A       12%         1

Your spell library contained the following spells:

 Spells                   Type           Power      Damage    Failure   Level
 Mephitic Cloud           Conj/Pois/Air  13%        N/A       13%         3
 Necrotise                Necr           12%        1d4       19%         1
 Summon Small Mammal      Summ           12%        N/A       19%         1
 Sublimation of Blood     Necr           3%         N/A       28%         2
 Portal Projectile        Hex/Tloc       8%         N/A       41%         3
 Tukima's Dance           Hex            3%         N/A       50%         3
 Petrify                  Tmut/Erth      10%        N/A       54%         4
 Irradiate                Conj/Tmut      5%         3d13      87%         5
 Anguish                  Hex/Necr       1%         N/A       88%         4
 Cause Fear               Hex            1%         N/A       88%         4
 Freezing Cloud           Conj/Ice/Air   3%         6-21      95%         5
 Enfeeble                 Hex            1%         N/A       100%        7


Dungeon Overview and Level Annotations

Branches:
Dungeon (9/15)             Temple (1/1) D:5            Lair (0/5) D:9
    Orc: D:9-12

Altars:
Ashenzari
Dithmenos
Elyvilon
Fedhas
Hepliaklqana
Kikubaaqudgha
Makhleb
Nemelex Xobeh
Okawaru
Qazlal
Ru
Sif Muna
Trog
Uskayaw
Vehumet
Wu Jian
Xom
Yredelemnul
Zin
The Shining One

Shops:
D:2 :   D:6 ::

Annotations:
D:4 Grinder
D:9 Grum


Innate Abilities, Weirdness & Mutations

Your life essence is reduced to manifest your ancestor. (-10% HP)
You can breathe blasts of noxious fumes.
Your lurid green scales are hard. (AC +7)
You cannot fit into any form of body armour.
Your system is resistant to poisons. (rPois)
You are cold-blooded and may be slowed by cold attacks.


Message History

Aiming: Breathe Noxious Fumes (3% risk of failure)
Press: ? - help, Shift-Dir - straight line, f - wolf
Aim: a wolf (severely wounded, ally target, 37% to hit)
You exhale a blast of noxious fumes.
The blast of choking fumes hits the wolf.
The wolf is almost dead.
The blast of choking fumes misses Grum.
The wolf barely misses you. The wolf bites you!
* * * LOW HITPOINT WARNING * * *
The wolf is engulfed in noxious fumes.
The wolf appears confused.
The wolf bites you.
* * * LOW HITPOINT WARNING * * *
The wolf barely misses you.
Lana barely misses the wolf.
The wolf bites you!
* * * LOW HITPOINT WARNING * * *
Grum is engulfed in noxious fumes.
Grum hits you from afar with a +1 spear.
* * * LOW HITPOINT WARNING * * *
Unknown command.
Unknown command.
You strike the helpless wolf from behind!
You punch the wolf!
You kill the wolf!
The wolf bites you but does no damage. The wolf barely misses you.
Grum is engulfed in noxious fumes.
Grum appears confused.
The wolf misses you.
Unknown command.
The wolf completely misses you. The wolf attacks as you move away!
The wolf misses you. The wolf barely misses you.
The wolf completely misses you.
Grum is engulfed in noxious fumes.
Grum appears confused.
The wolf attacks as you move away! The wolf completely misses you.
The wolf closely misses you.
Grum is engulfed in noxious fumes.
Grum appears confused.
There is an open door here.
The wolf attacks as you move away! The wolf misses you.
The wolf attacks as you move away! The wolf barely misses you.
Lana closely misses the wolf.
Grum ponders the situation.
You barely miss the wolf.
Your tail-slap misses the wolf.
The wolf closely misses you. The wolf bites you!
You die...

########## ########### ##
#........# #.........# .#
###.......(###.........+
.####..........#@hR..†.°...#
......#........#h#.........#
.######........#.#...g...:.#
.# #..........#.........# .#
#...>....#########+### .#
#........# ## #####.####
#..# #.## ##


You could see the friendly Lana the knight, Grum (confused) and 2 wolves.

Vanquished Creatures
  Sigmund (D:4)
  Eustachio (D:6)
  Menkaure (D:4)
  Duvessa (D:4)
  A sky beast (D:6)
  An orc warrior (D:9)
  2 black bears (D:5)
  2 ice beasts
  A wolf (D:9)
  3 centaurs
  A phantom (D:7)
  A bullfrog (D:6)
  A gnoll sergeant (D:8)
  2 scorpions (D:5)
  5 wights (D:7)
  Dowan (D:4)
  7 howler monkeys
  4 hounds
  2 orc priests
  A gnoll bouda (D:4)
  2 sleepcaps
  Terence (D:2)
  Natasha (thrice) (D:2)
  2 iguanas (D:6)
  7 orc wizards
  Robin (D:2)
  8 gnolls
  4 adders
  2 white imps
  2 worms
  20 orcs
  7 endoplasms
  5 giant cockroaches
  24 goblins
  11 hobgoblins
  4 jackals
  4 quokkas
  5 ball pythons
  6 bats
  2 frilled lizards (D:2)
  17 kobolds
  2 rats
178 creatures vanquished.

Vanquished Creatures (collateral kills)
  An unseen horror (D:7)
  Prince Ribbit (D:7)
  A black bear (D:6)
  A sky beast (D:7)
  2 centaurs
  2 ogres (D:7)
  A kobold brigand (D:6)
  A bullfrog (D:8)
  A gnoll sergeant (D:7)
  2 scorpions (D:6)
  A hound (D:6)
  An orc priest (D:8)
  An iguana (D:7)
  An orc wizard (D:8)
  4 gnolls
  An orc (D:8)
  A kobold (D:6)
23 creatures vanquished.

Vanquished Creatures (others)
  An orc wizard (D:9)
1 creature vanquished.

Grand Total: 202 creatures vanquished

Notes
Turn   | Place    | Note
-------+----------+-------------------------------------------
     0 | D:1      | pkoi the Draconian Monk began the quest for the Orb.
     0 | D:1      | Reached XP level 1. HP: 19/19 MP: 1/1
   169 | D:1      | Reached XP level 2. HP: 22/26 MP: 2/2
   299 | D:1      | Reached skill level 4 in Unarmed Combat
   517 | D:1      | Reached XP level 3. HP: 31/31 MP: 3/3
   739 | D:2      | Noticed Natasha
   750 | D:2      | Killed Natasha
  1035 | D:2      | Found Vaull's Book Boutique.
  1120 | D:2      | Reached XP level 4. HP: 36/38 MP: 4/4
  1139 | D:2      | Reached skill level 5 in Unarmed Combat
  1206 | D:2      | Noticed Natasha
  1213 | D:2      | Killed Natasha
  1271 | D:2      | Noticed Terence
  1296 | D:2      | Killed Terence
  1427 | D:2      | Noticed Robin
  1445 | D:2      | Killed Robin
  1446 | D:2      | Reached XP level 5. HP: 39/45 MP: 5/5
  1542 | D:2      | Noticed Natasha
  1553 | D:2      | Killed Natasha
  1554 | D:2      | Reached skill level 6 in Unarmed Combat
  2083 | D:3      | You fall into a shaft and drop 2 floors!
  2083 | D:5      | Entered Level 5 of the Dungeon
  2179 | D:4      | Noticed Sigmund
  2220 | D:4      | Killed Sigmund
  2221 | D:4      | Reached skill level 7 in Unarmed Combat
  2221 | D:4      | Reached XP level 6. HP: 17/51 MP: 6/6
  2995 | D:4      | Noticed Duvessa
  3015 | D:4      | Killed Duvessa
  3016 | D:4      | Reached skill level 8 in Unarmed Combat
  3016 | D:4      | Your scales start taking on a lurid green colour.
  3016 | D:4      | Reached XP level 7. HP: 18/57 MP: 7/7
  3016 | D:4      | Gained mutation: Your system is resistant to poisons.
                  | (rPois) [Green Draconian growth]
  3162 | D:4      | Noticed Dowan
  3167 | D:4      | Killed Dowan
  3316 | D:4      | Found a burning altar of Makhleb.
  3316 | D:4      | Noticed a balrug
  3416 | D:4      | Noticed Menkaure
  3853 | D:4      | Reached skill level 1 in Stealth
  4054 | D:4      | Noticed Grinder
  4057 | D:4      | Paralysed by Grinder for 3 turns
  4271 | D:4      | Killed Menkaure
  4388 | D:5      | Reached XP level 8. HP: 53/66 MP: 8/8
  4475 | D:5      | Identified the ring of the Kangaroo {rF+ rC- Will++ rCorr
                  | MP+9}
  4484 | D:5      | Reached skill level 9 in Unarmed Combat
  4703 | D:5      | Found a staircase to the Ecumenical Temple.
  4720 | Temple   | Entered the Ecumenical Temple
  4831 | Temple   | Became a worshipper of Hepliaklqana the Forgotten
  4831 | Temple   | Reached * piety under Hepliaklqana
  4831 | Temple   | Reached ** piety under Hepliaklqana
  4832 | Temple   | Remembered your ancestor Lana as a knight
  4906 | D:5      | Reached skill level 5 in Fighting
  4928 | D:5      | Found a sparkling altar of Nemelex Xobeh.
  4928 | D:5      | Found a transporter.
  4965 | D:5      | Learned a level 5 spell: Blade Hands
  5251 | D:6      | Reached skill level 1 in Spellcasting
  5251 | D:6      | Reached skill level 1 in Transmutations
  5261 | D:6      | Found Doblyrec's Book Boutique.
  5269 | D:6      | Bought a book of Vapours for 286 gold pieces
  5272 | D:6      | Learned a level 2 spell: Poisonous Vapours
  5291 | D:6      | Reached skill level 1 in Poison Magic
  5313 | D:6      | Reached skill level 1 in Air Magic
  5331 | D:6      | Noticed Eustachio
  5461 | D:6      | Found Rimugoad's Book Shop.
  5609 | D:6      | Killed Eustachio
  5610 | D:6      | Reached XP level 9. HP: 48/66 MP: 10/12
  6055 | D:7      | HP: 3/65 [wight/+5 hand axe of freezing (7)]
  7052 | D:7      | Noticed Prince Ribbit
  7065 | D:7      | HP: 3/66 [something (8)]
  7409 | D:7      | Killed Prince Ribbit
  7729 | D:7      | Killed an unseen horror
  7730 | D:7      | Reached skill level 5 in Poison Magic
  7851 | D:8      | Reached *** piety under Hepliaklqana
  7886 | D:8      | Found an iron altar of Okawaru.
  8023 | D:8      | Found a sacrificial altar of Ru.
  8046 | D:8      | Reached XP level 10. HP: 28/72 MP: 16/16
  8361 | D:8      | Found a blossoming altar of Fedhas.
  8602 | D:8      | Learned a level 1 spell: Apportation
  8740 | D:9      | Found a staircase to the Lair.
  8899 | D:9      | Found an ancient bone altar of Kikubaaqudgha.
  8977 | D:9      | Reached skill level 1 in Invocations
  8988 | D:9      | Reached skill level 5 in Transmutations
  9041 | D:9      | Reached skill level 1 in Translocations
  9221 | D:9      | Noticed Grum
  9238 | D:9      | Slain by a wolf

Illustrated notes

Levels and vault maps discovered:
D:1:      minmay_arrival_stair_chambers, layout_rooms
D:2:      layout_basic, serial_bayou, serial_bayou_pond_e, serial_bayou_shore_a,
          serial_bayou_shore_b, serial_bayou_pond_e, serial_bayou_crossing,
          serial_bayou_lagoon_b, serial_shops, nicolae_shop_peninsula,
          nicolae_kite_square_tiling_tiny, dreamdust_wishing_well,
          minmay_door_square, uniq_terence, uniq_robin, uniq_natasha
D:3:      layout_loops_corners, kennysheep_generic_room_10
D:4:      cheibrodos_barr_body, layout_loops_ring, makhleb_altar_promises_db,
          hex_large, uniq_grinder, uniq_menkaure, uniq_duvessa, uniq_sigmund
D:5:      layout_loops_ring, grunt_nemelex_the_gamble, temple_green
D:6:      layout_cave_pools, serial_shops, shop, shop, uniq_eustachio
D:7:      layout_basic, gammafunk_temple_overflow_pools, serial_shops,
          nicolae_shop_waterfront, uniq_prince_ribbit1
D:8:      layout_loops_ring, old_standard_altar,
          nicolae_ru_sacrificial_ziggurat,
          mainiacjoe_overflow_concentric_impassable, chequers_arboretum
D:9:      layout_roguey, lemuel_coloured_pillars_altar, lair_entry_dummy,
          uniq_grum
Temple:   jpeg_temple_clearing

Skill      XL: |  1  2  3  4  5  6  7  8  9 10 |
---------------+-------------------------------+-----
Unarmed Combat | 4 5 7 8 9 |  9.2
Stealth        | 2 3 |  3.1
Dodging        | 3 4 |  4.1
Fighting       | 4 5 |  5.0
Spellcasting   | 2 4 |  4.5
Transmutations | 2 4 5 |  5.1
Poison Magic   | 2 5 |  5.8
Air Magic      | 1 4 |  4.9
Invocations    | 1 |  1.4
Translocations | 1 |  1.0

Action                     |  1- 3 |  4- 6 |  7- 9 | 10-12 || total
---------------------------+-------+-------+-------+-------++-------
  Melee: Unarmed           |   106 |   186 |   364 |    73 ||   729
         Tailslap          |    21 |    29 |    48 |    12 ||   110
         Punch             |       |     4 |    23 |     4 ||    31
 Invoke: Recall Ancestor   |       |       |     4 |     1 ||     5
         Ancestor Life: Kn |       |       |     1 |       ||     1
         Ancestor Identity |       |       |     1 |       ||     1
Ability: Breathe Noxious F |       |       |     5 |     3 ||     8
    Use: Potion            |       |     4 |       |       ||     4
         Scroll            |       |     2 |    15 |       ||    17
   Stab: Sleeping          |       |     1 |     6 |       ||     7
         Distracted        |       |       |     1 |       ||     1
         Confused          |       |       |       |     1 ||     1
 Armour: Skin              |    35 |    58 |   116 |    36 ||   245
  Dodge: Dodged            |    70 |   115 |   285 |    54 ||   524
